Unix NetHack Version 5.0.0-0 post-release - last build Jun 10 2026 00:39:30 (3ee93aec679c4c4259841fe613dc97188e26a321,branch:main).

Game began 2026-06-10 16:51:52, ended 2026-06-10 17:06:23.

ARFwashere, lawful male dwarven Archeologist

                                                      -----------
                                             ----     |...^..--.--        ---
                    ----                    --..-------..-.......---      |.--
                    |..-- ----            ---......................--     |..|
                -----...---..-------      |...----------.-------....--   --..|
                |.....|............--------.---        |.|     |.....|   |...|
                |.--------.--.---..........*|      ----|.|     --....|   |.---
       G        |.|   ----..|....-----..-----    ---..||.--     ---.--   |.|
           G--  |.|  --......--...---.....----   |....||..-----   --- ----.--
     G    ..i----.|  |.......................|  --....---....^--     --.....--
          ..@...G.|  |............---.-......----......|-----..-------.......|
          -....----  ---...........--..................--   |................|
           -----       |..--............................---------------......|
                       -----......---).............----..--..| ---- ---.....--
                          |........--....)....---..-- --.....---..| |.....---
                          |..............)....| |..<|  --........-- |.....|
                          --..................| |...|   --....*..|  --..---
                           ---.|........---...| --.--    |.......|   ----
                             -----.---.-- --..|  ---     |..|.----
                                 --- ---   ----          ------
ARFwashere the Field Worker  St:10 Dx:9 Co:14 In:16 Wi:16 Ch:11  Lawful
Dlvl:4  $:72 HP:0(19) Pw:5(5) AC:10 Xp:3 T:1651 

Latest messages:
 You see here a towel.
 F - a towel.
 Really step onto that dart trap? [yn] (n) n
 In what direction? j
 You disarm the trap.
 G - 36 darts.
 G - a dart (37 in total).
 Really step onto that arrow trap? [yn] (n) n
 You see here 4 daggers.
 The kitten drops a dagger.
 You hear some noises in the distance.
 You see here a dart.
 A little dart shoots out at you!
 You are hit by a little dart.
 In what direction? <enter>
 You kick a dart.
 In what direction? j
 Whoops...
 A little dart shoots out at you!
 You are hit by a little dart.
 You see here a dart.
 G - a dart (38 in total).
 In what direction? k
 You disarm the trap.
 You see here 46 darts.
 G - 46 darts (84 in total).
 What do you want to ready? [$G or ?*] G
 G - 84 darts (at the ready).
 You swap places with the peaceful gnome.
 You miss the homunculus.
 The homunculus bites!
 You miss the homunculus.
 You miss the homunculus.
 The homunculus bites!
 You miss the homunculus.
 The homunculus bites!
 You are put to sleep by the homunculus!
 The homunculus bites!
 The homunculus bites!
 The homunculus bites!
 The homunculus bites!
 The homunculus bites!
 You dream that you hear some noises in the distance.
 The homunculus bites!
 You die...
 Do you want your possessions identified? [ynq] (y) n
 Do you want to see your attributes? [ynq] (y) n
 Do you want an account of creatures vanquished? [ynaq] (y) n
 Do you want to see your conduct and achievements? [ynq] (y) n
 Do you want to see the dungeon overview? [ynq] (y) n

Inventory:
 Coins    ('$')
  $ - 72 gold pieces
 Weapons  (')')
  G - 84 +0 darts (at the ready)
  a - a +2 bullwhip (weapon in right hand)
 Armor    ('[')
  c - an uncursed +0 fedora (being worn)
  m - an uncursed burnt +0 pair of speed boots (being worn)
  b - an uncursed burnt +0 leather jacket (being worn)
 Comestibles  ('%')
  d - 5 uncursed food rations
  h - an uncursed pancake
 Scrolls  ('?')
  s - 2 uncursed scrolls of enchant weapon
  o - a cursed scroll of identify
  x - an uncursed scroll of remove curse
 Rings    ('=')
  l - an uncursed ring of teleport control
 Tools    ('(')
  i - an empty uncursed sack
  n - a bag of tricks (0:17)
  y - an uncursed blindfold
  E - an uncursed lock pick
  e - a +0 pick-axe (alternate weapon; not wielded)
  f - a tinning kit (0:51)
  F - an uncursed towel
  D - an uncursed partly used wax candle (lit)
 Gems/Stones  ('*')
  B - 2 uncursed jacinth stones
  u - 2 uncursed rubies
  r - an uncursed worthless piece of red glass
  C - an uncursed luckstone
  g - an uncursed touchstone

ARFwashere the Archeologist's attributes:

Background:
 You were a Field Worker, a level 3 male dwarven Archeologist.
 You were lawful, nominally on a mission for Quetzalcoatl
 who was opposed by Camaxtli (neutral) and Huhetotl (chaotic).
 You were right-handed.
 You were in the Gnomish Mines, on level 4.
 You entered the dungeon 1651 turns ago.
 You had 46 experience points, 34 more were needed to attain level 4.

Basics:
 You had 0 out of 19 hit points.
 You had all 5 energy points (spell power).
 Your armor class was 10.
 Your wallet contained 72 zorkmids.
 Autopickup was on for '$' plus thrown.

Final Characteristics:
 Your strength was 10 (limit:18/100).
 Your dexterity was 9 (limit:20).
 Your constitution was 14 (limit:20).
 Your intelligence was 16 (limit:16).
 Your wisdom was 16 (limit:16).
 Your charisma was 11 (limit:16).

Final Status:
 You weren't hungry.
 You were unencumbered.
 You were wielding a whip.
 You had basic skill with whip.

Final Attributes:
 You were devoutly aligned.
 You had automatic searching.
 You had infravision.
 You were very fast.
 You were lucky.
 You had extra luck.
 Bad luck did not time out for you.
 Good luck did not time out for you.
 You are dead.

Miscellaneous:
 You didn't encounter any bones levels.
 Total elapsed playing time was 14 minutes and 30 seconds.

Major events:
 Turn
    1: ARFwashere the lawful male dwarven Archeologist entered the dungeon
  581: entered the Gnomish Mines
 1129: attained the rank of Field Worker (level 3)
 1651: killed by a homunculus, while sleeping

You didn't know any spells.

Skills:
 Fighting Skills
   bare handed combat [Unskilled]
   two weapon combat  [Unskilled]
   riding             [Unskilled]
 Weapon Skills
   dagger             [Unskilled]
   knife              [Unskilled]
   pick-axe           [Basic]
   short sword        [Unskilled]
   saber              [Unskilled]
   club               [Unskilled]
   quarterstaff       [Unskilled]
   sling              [Unskilled]
   dart               [Unskilled]
   boomerang          [Unskilled]
   whip               [Basic]
   unicorn horn       [Unskilled]
 Spellcasting Skills
   attack spells      [Unskilled]
   healing spells     [Unskilled]
   divination spells  [Unskilled]
   matter spells      [Unskilled]

Voluntary challenges:
 Character rerolling was not enabled.
 You were an atheist.
 You never genocided any monsters.
 You never polymorphed an object.
 You never changed form.
 You used no wishes.
Achievements:
 You entered the Gnomish Mines.
 You attained the rank of Field Worker.

 The Dungeons of Doom: levels 1 to 4
    Level 1:
       Some fountains.
    Level 2:
       A fountain.
       Stairs down to The Gnomish Mines.
    Level 3:
       Some fountains.
    Level 4:
 The Gnomish Mines: levels 3 to 4
    Level 3:
    Level 4: <- You were here.
       Final resting place for
          you, killed by a homunculus, while sleeping.


Vanquished creatures:
  a little dog
 an iguana
  a gas spore
  a large kobold
  a giant rat
  a brown mold
  4 gnomes
  a gecko
  a jackal
  a fox
  a goblin
  2 sewer rats
  5 grid bugs
  2 lichens
  3 newts
26 creatures vanquished.

No species were genocided or became extinct.

Game over:
                       ----------
                      /          \
                     /    REST    \
                    /      IN      \
                   /     PEACE      \
                  /                  \
                  |    ARFwashere    |
                  |      72 Au       |
                  |   killed by a    |
                  |    homunculus    |
                  |                  |
                  |                  |
                  |       2026       |
                 *|     *  *  *      | *
        _________)/\\_//(\/(/\)/\//\/|_)_______

Goodbye ARFwashere the Archeologist...

You died in The Gnomish Mines on dungeon level 4 with 409 points,
and 72 pieces of gold, after 1651 moves.
You were level 3 with a maximum of 19 hit points when you died.

